[Event "GER-ch Youth-U18 2022"]
[Site "Willingen"]
[Date "2022.06.07"]
[Round "4.12"]
[White "Mankel, Luca"]
[Black "Zackrisson, Peter"]
[Result "0-1"]
[ECO "E73"]
[WhiteElo "2010"]
[BlackElo "2015"]
[Annotator "TA"]
[PlyCount "70"]
[EventDate "2022.06.05"]
[EventType "swiss"]
[EventRounds "9"]
[EventCountry "GER"]
[SourceTitle "playchess.com"]
[Source "ChessBase"]
[SourceQuality "1"]
[TimeControl "40/4500+30:900+30"]

1. d4 Nf6 2. c4 g6 3. Nc3 Bg7 4. e4 d6 5. Be2 O-O 6. Be3 Nc6 7. Nf3 {[%emt 0:00:00] E73: King's Indian: Averbakh Variation without 6...c5.} (7. d5 $5 ) 7... Ng4 $1 {[%emt 0:00:00][%mdl 4] is currently scoring better than 7...e5.} 8. Bg5 h6 9. Bh4 {[%emt 0:00:00] White is slightly better.} g5 10. Bg3 {[%emt 0:00:00] Strongly threatening d5.} e5 11. d5 Nd4 12. h4 f5 13. hxg5 hxg5 {[%emt 0:05:25] [#]} 14. Nd2 $146 (14. exf5 $1 $14 Bxf5 15. Nxd4 exd4 16. Nb5) ({Predecessor:} 14. exf5 Bxf5 15. Nxd4 exd4 16. Bxg4 dxc3 17. Bxf5 Rxf5 18. Qh5 Qe8+ 19. Kd1 Qe4 20. bxc3 Qd3+ 21. Kc1 Qxc3+ 22. Kd1 Qxa1+ 23. Kd2 Qc3+ 24. Kd1 Qd3+ 25. Kc1 Qxc4+ {0-1 (25) Halvax,G (2404)-Kollars,D (2637) Chess.com INT 2022}) 14... f4 15. Bh2 $2 {[%emt 0:02:12] [#]} (15. Bxg4 $11 {and White stays safe.} fxg3 16. fxg3) 15... Nf6 ({Black should try} 15... Nxf2 $1 $19 16. Kxf2 g4) 16. Nb3 Re8 17. f3 ({But not} 17. Nxd4 exd4 18. Nb5 (18. Qxd4 $2 Nxe4 19. Qd3 Bf5 $19) 18... Nxe4 $17) 17... c5 18. dxc6 bxc6 19. c5 ({Reject} 19. Nxd4 exd4 20. Na4 c5 $17) (19. Bg1 $1 $11 {keeps the balance.}) 19... Nxe2 {[%emt 0:02:32] Black is much more active. The white rooks are badly placed.} (19... d5 $17 {And now ...a5 would win.} 20. Bd3 (20. Nxd4 $2 exd4 21. Nb5 cxb5 $19) 20... Nxb3 21. axb3 d4) 20. Qxe2 $15 d5 21. O-O-O Qe7 22. exd5 cxd5 23. Nxd5 Nxd5 24. Rxd5 Be6 (24... Qf7 $5 25. Qd2 Bf5 $15) 25. Rd2 {[%emt 0:01:11] [#] White does not recover from this.} (25. Rd6 $11 {and White is okay.}) 25... a5 $1 $19 {[%emt 0:01:03][%cal Ba7a5,Ba5a4,Ba4a3][%mdl 1056] White must now prevent ...a4. Black has strong compensation.} 26. Kb1 $2 (26. Rd6 Rac8 27. Kb1) 26... Bf5+ 27. Ka1 a4 {[%emt 0:00:20][%mdl 64] Deflection} 28. Nc1 a3 29. Qc4+ Kf8 30. Bg1 Red8 31. Rd6 Qc7 (31... Rac8 $142 32. Rb6 e4) 32. Qd5 axb2+ 33. Kxb2 Rxd6 (33... Rdb8+ $142 34. Nb3 Qa5) 34. cxd6 Qc2+ {[%emt 0:00:25][%mdl 64] Deflection, Double Attack} 35. Ka1 Qb1# {Weighted Error Value: White=1.10/Black=0.48} 0-1

[Event "GER-ch Youth-U18 2022"]
[Site "Willingen"]
[Date "2022.06.07"]
[Round "4.13"]
[White "Kallweit, Paul"]
[Black "Rohde, Niclas"]
[Result "1-0"]
[ECO "E32"]
[WhiteElo "1863"]
[BlackElo "1730"]
[Annotator "NA RC COMBH"]
[PlyCount "47"]
[EventDate "2022.06.05"]
[EventType "swiss"]
[EventRounds "9"]
[EventCountry "GER"]
[SourceTitle "playchess.com"]
[Source "ChessBase"]
[SourceQuality "1"]
[TimeControl "40/4500+30:900+30"]

1. d4 Nf6 2. c4 e6 3. Nc3 Bb4 4. Qc2 O-O 5. e4 d5 6. e5 Ne4 7. a3 Bxc3+ 8. bxc3 c5 9. Bb2 cxd4 10. cxd4 Qa5+ 11. Ke2 f6 12. f3 Ng5 13. h4 Nf7 14. exf6 gxf6 15. Kf2 Bd7 (15... dxc4 $16 16. Bxc4 Nd6) 16. Bd3 f5 17. Ne2 Rc8 (17... dxc4 $142 18. Bxc4 Na6) 18. Bc3 Qd8 19. cxd5 exd5 20. Bxf5 Bxf5 $18 21. Qxf5 Nc6 22. Rh3 Qe7 23. Nf4 Re8 24. Nxd5 1-0

[Event "GER-ch Youth-U18 2022"]
[Site "Willingen"]
[Date "2022.06.07"]
[Round "4.14"]
[White "Dietlmeier, Tobias"]
[Black "Wehrle, Maximilian"]
[Result "1-0"]
[ECO "B24"]
[WhiteElo "1886"]
[BlackElo "1786"]
[Annotator "NA RC COMBH"]
[PlyCount "155"]
[EventDate "2022.06.05"]
[EventType "swiss"]
[EventRounds "9"]
[EventCountry "GER"]
[SourceTitle "playchess.com"]
[Source "ChessBase"]
[SourceQuality "1"]
[TimeControl "40/4500+30:900+30"]

1. e4 c5 2. Nc3 Nc6 3. Bb5 a6 4. Bxc6 bxc6 5. d4 e6 6. Nf3 d5 7. O-O dxe4 8. Nxe4 cxd4 9. Nxd4 Bb7 10. Nb3 Qd5 11. Nc3 Qd8 12. Be3 Nf6 13. Na4 Nd5 14. Bc5 Bxc5 15. Naxc5 Qe7 16. Qf3 O-O 17. Rad1 a5 18. c4 Nf6 {[%emt 0:01:09] [#]} (18... a4 $1 $15 {keeps the upper hand.} 19. cxd5 (19. Nxb7 axb3 20. cxd5 cxd5 $15) 19... cxd5) 19. a4 $1 Ba6 20. Qc3 ({Stronger than} 20. Qxc6 Bxc4 21. Rfe1 Rab8 $17) 20... Rfd8 $2 (20... Rfb8 $16 {might work better.}) 21. Rxd8+ Qxd8 22. Nxa5 Nd5 23. cxd5 Bxf1 24. Nxc6 ({Not} 24. Kxf1 Qxd5 25. f3 Rd8 $18) 24... Qc7 25. Kxf1 exd5 26. Ne5 f6 27. Nf3 Qe7 28. Qe3 Qd8 29. b4 Kh8 30. Nd4 Qb8 31. Nc6 Qxh2 32. Qh3 Qf4 33. Kg1 $2 (33. g3 $18 Qf3 34. Ne7) 33... Qc1+ 34. Kh2 Qf4+ 35. g3 Qxf2+ 36. Qg2 Qf5 37. Nd4 Qh5+ 38. Qh3 Qd1 39. Ncb3 Re8 40. Qf5 h6 41. Qf3 Qe1 42. Qxd5 (42. b5 $5 Re3 43. Qg2 $14) 42... Re5 43. Qa8+ Kh7 44. Qf3 Qxb4 45. Nc6 Qxa4 46. Nxe5 fxe5 47. Nd2 Qe8 48. Qe4+ Kh8 49. Nf3 Qe6 $18 50. Qxe5 Qa2+ 51. Kh3 Qb1 52. Nh4 Qh1+ 53. Kg4 Qd1+ 54. Nf3 Qa4+ 55. Qd4 Qc6 56. Ne5 Qe6+ 57. Kf4 Qf6+ 58. Ke4 Qf1 59. Qd3 Qe1+ 60. Kf5 Qf2+ 61. Qf3 Qc2+ 62. Ke6 Qc8+ 63. Ke7 Qc7+ 64. Nd7 Qc2 65. Qa8+ Kh7 66. Nf8+ Kh8 67. Ne6+ Kh7 68. Qf8 Qg6 69. Qf4 Qd3 70. g4 Qa3+ 71. Kf7 Qa7+ 72. Qc7 Qf2+ 73. Ke8 Qf6 74. Qf7 Qe5 75. Qf5+ Qxf5 76. gxf5 h5 77. Kf7 h4 78. Nxg7 1-0

[Event "GER-ch Youth-U18 2022"]
[Site "Willingen"]
[Date "2022.06.08"]
[Round "5.1"]
[White "Fromm, Marius"]
[Black "Pubantz, Jan"]
[Result "1-0"]
[ECO "B12"]
[WhiteElo "2317"]
[BlackElo "2265"]
[Annotator "TA"]
[PlyCount "77"]
[EventDate "2022.06.05"]
[EventType "swiss"]
[EventRounds "9"]
[EventCountry "GER"]
[SourceTitle "playchess.com"]
[Source "ChessBase"]
[SourceQuality "1"]
[TimeControl "40/4500+30:900+30"]

1. e4 c6 2. d4 d5 3. e5 Bf5 4. h4 h5 5. Bd3 Bxd3 6. Qxd3 {[%emt 0:00:00][%cal Oe5e6] B12: Caro-Kann: Advance Variation.} Qa5+ 7. Nd2 {[%emt 0:00:00][%cal Oe5e6,Bb1d2,Bd2b3,Bb3c1,Bc1e2][%mdl 32] aiming for e6!} e6 8. Ngf3 {[%emt 0:00:00] The position is equal.} Nh6 9. O-O Nf5 10. Nb3 $1 {[%emt 0:00:00][%mdl 4] is now more promising than 10.c4.} Qa6 11. Qd1 b6 12. Bg5 c5 {[%emt 0:01:52] [#]} 13. c3 $146 ({Predecessor:} 13. dxc5 Bxc5 14. c3 Nc6 15. Nxc5 bxc5 16. Re1 Rc8 17. b3 Rc7 18. Rc1 Qxa2 19. Ra1 {½-½ (25) Dubov,D (2714)-Anton Guijarro,D (2669) Terme Catez 2021}) 13... Nc6 14. Nc1 Be7 15. Bxe7 Ncxe7 16. Ne2 Rc8 17. Re1 cxd4 18. cxd4 Qc4 19. Qd2 Qc2 {[%emt 0:00:39] White must now prevent ...Qxd2.} 20. Qb4 O-O 21. Qa3 Ng6 22. g3 Nh6 23. Rac1 ({Much weaker is} 23. Qxa7 Qf5 24. Qa3 f6 $17) 23... Qf5 24. Ng5 Rc2 25. Rxc2 Qxc2 26. Qf3 Ng4 27. Rc1 Qxb2 28. Rc7 {[%emt 0:01:23][%csl LRa7,LRf7][%cal Rc7f7] Against Ne7} Qb1+ (28... Qxa2 $11 29. Rxf7 Nh6 30. Rxf8+ Nxf8) 29. Kg2 $16 {[%emt 0:00:20][%cal Rc7f7] Dancing on a razor blade.} Nh8 (29... Nh6 $16) 30. Rxa7 (30. Nf4 $142 Ng6 31. Nxh5) 30... Qc2 31. Nf4 g6 32. a4 (32. a3 $18 {and White stays clearly on top.}) 32... Qc4 $2 {[%emt 0:01:18][%mdl 8192] [#]} (32... Re8 $16 33. Nd3 Rf8) 33. Nfxe6 $1 $18 fxe6 {[%emt 0:00:44] [#]} (33... Qf1+ 34. Kxf1) 34. Nxe6 $1 Ne3+ (34... Nf7 35. Nxf8) 35. Qxe3 {[%emt 0:00:54][%csl Ge6][%cal Ra7g7] White mates.} Rf7 36. Ra8+ Kh7 {[%emt 0:00:14] [#]} 37. Rxh8+ $1 Kxh8 38. Qh6+ Rh7 39. Qf8# {[%emt 0:00:06] Weighted Error Value: White=0.14 (very precise) /Black=0.50} 1-0

[Event "GER-ch Youth-U18 2022"]
[Site "Willingen"]
[Date "2022.06.08"]
[Round "5.2"]
[White "Koelle, Tobias"]
[Black "von Mettenheim, Johannes"]
[Result "1/2-1/2"]
[ECO "E11"]
[WhiteElo "2431"]
[BlackElo "2176"]
[Annotator "TA"]
[PlyCount "169"]
[EventDate "2022.06.05"]
[EventType "swiss"]
[EventRounds "9"]
[EventCountry "GER"]
[SourceTitle "playchess.com"]
[Source "ChessBase"]
[SourceQuality "1"]
[TimeControl "40/4500+30:900+30"]

1. d4 Nf6 2. c4 e6 3. Nf3 Bb4+ 4. Nbd2 O-O 5. a3 Be7 6. e4 d5 7. e5 Nfd7 8. Bd3 {[%emt 0:00:00] E11: Bogo-Indian.} c5 $1 9. h4 {[%emt 0:00:00][%cal Od3h7] [#] And now Bxh7+! would win.} g6 $1 10. O-O $1 {[%emt 0:00:00][%mdl 4] White has an edge. is recently more successful than 10.h5.} (10. cxd5 {is interesting.} exd5 11. h5 cxd4 12. e6) 10... cxd4 11. cxd5 exd5 12. Nb3 Nc6 13. Re1 {[%emt 0:00:00] [#]} Re8 $146 ({Predecessor:} 13... Bxh4 14. Bb5 Re8 15. Nbxd4 Ndxe5 16. Bxc6 Nxf3+ 17. Nxf3 Rxe1+ 18. Qxe1 bxc6 19. Nxh4 Qxh4 {1-0 (27) Bogdanovich,S (2597)-Vavric,P (2348) Odessa 2019}) 14. h5 Nf8 15. Nfxd4 Nxd4 16. Nxd4 Bc5 17. Bb5 Bd7 18. Bxd7 Qxd7 19. h6 (19. Bg5 $14) 19... Rac8 (19... Bxd4 $5 20. Qxd4 Ne6 $11) 20. Nf3 d4 21. Bg5 Qg4 22. Qd3 Ne6 $2 (22... Qd7 $11 {and Black is okay.}) 23. Re4 $18 Qf5 24. g4 Qxf3 25. Qxf3 Nxg5 26. Qd3 Nxe4 27. Qxe4 Bd6 (27... Bf8 $142 28. g5 (28. Qxd4 Bxh6 29. Qxa7 Bc1 $18) (28. Qxb7 Rcd8 $18) 28... d3) 28. Qxd4 Bxe5 29. Qxa7 Bxb2 30. Rb1 Ra8 31. Qb6 ({Don't take} 31. Qxb7 Bxa3 32. Qf3 Ra7 $18) 31... Bh8 (31... Bc3 32. Kg2 (32. Qxb7 Bd2 $18) 32... Bh8) 32. Rb3 Ra4 33. Rg3 Rf4 34. Qxb7 Bd4 35. Rf3 Rxg4+ 36. Kf1 Rf8 37. a4 Rh4 38. Qd5 {[%emt 0:00:34][%cal Of3f7] [#] Threatens to win with Rxf7!} Bb6 39. Qb3 (39. Qd2 $142 Ba7 40. a5) 39... Ba7 40. a5 {[%emt 0:05:17] Hoping for Qb7.} Rxh6 41. Qb7 Bc5 42. Rc3 Rh5 43. a6 Rf5 44. Rc2 Bd4 45. Qd7 Bb6 46. Qb7 Bd4 47. Ra2 {[%emt 0:00:00] Inhibits Ra5.} Be3 48. a7 Bxa7 49. Rxa7 Re8 50. Qc7 Kg7 51. Qc3+ Kg8 52. Qd4 Rfe5 53. Rd7 Re1+ 54. Kg2 R1e5 55. Rd8 Rxd8 $2 (55... Re4) 56. Qxd8+ {[%emt 0:00:00][%mdl 4096] Endgame KQ-KR} ({Much less strong is} 56. Qxe5 Rd2 57. Kg3 Ra2 $18) 56... Kg7 57. Qd4 {[%emt 0:00:00] White wants to mate with f4.} f6 58. Qd7+ Kg8 59. Kf3 Rf5+ 60. Ke3 Re5+ 61. Kd3 Rf5 62. Qb7 Rh5 63. Qe7 Rd5+ 64. Kc3 {[%emt 0:00:00] Intending Qe6+ and mate.} Rf5 65. f4 Rh5 66. Kd4 Rf5 67. Ke4 Rh5 68. Kf3 Rf5 69. Kg4 Rh5 70. Qa7 Rf5 71. Qa6 Kg7 72. Qe6 Rh5 73. Qe7+ Kg8 74. Qxf6 Rf5 75. Qd8+ Kg7 76. Qe8 Rh5 77. Kf3 Rf5 78. Ke4 Rh5 79. Kd4 Rf5 80. Qa8 {[%emt 0:00:18] Black must now prevent Ke4.} Rh5 $2 (80... Rxf4+ {was worth a try.} 81. Ke5 Rf5+ 82. Kd4 h5 83. Qb7+ Kh6) 81. Qa1 Kg8 82. Qb1 Rf5 83. Qe1 {[%emt 0:00:18] Qe4 is the strong threat.} Kg7 $2 (83... Rxf4+ 84. Ke3 g5) 84. Qa1 {[%emt 0:00:38] Strongly threatening Qc1.} Kg8 $2 (84... Rxf4+ 85. Kd5+ Rf6) 85. Qa8+ {[%emt 0:00:09][%mdl 32768] Weighted Error Value: White=0.27 (precise) /Black=0.30. An unexpected result.} 1/2-1/2

[Event "GER-ch Youth-U18 2022"]
[Site "Willingen"]
[Date "2022.06.08"]
[Round "5.4"]
[White "Weishaeutel, Moritz"]
[Black "Weihrauch, Jakob"]
[Result "1-0"]
[ECO "B22"]
[WhiteElo "2406"]
[BlackElo "2139"]
[Annotator "TA"]
[PlyCount "107"]
[EventDate "2022.06.05"]
[EventType "swiss"]
[EventRounds "9"]
[EventCountry "GER"]
[SourceTitle "playchess.com"]
[Source "ChessBase"]
[SourceQuality "1"]
[TimeControl "40/4500+30:900+30"]

1. e4 c5 2. c3 Nf6 3. e5 Nd5 4. Nf3 Nc6 5. Bc4 Nb6 6. Bb3 c4 7. Bc2 d6 8. exd6 Qxd6 9. O-O Bg4 {[%emt 0:00:00] B22: Sicilian: 2 c3.} 10. h3 Bh5 11. Re1 {[%emt 0:00:00] Against Ne5} Ne5 {[%emt 0:10:20] [#] ...Nxf3+ is the strong threat. White has an edge.} 12. Rxe5 Bxf3 13. Qe1 Bc6 14. b3 e6 {[%emt 0:07:52] [#]} 15. Ba3 $146 ({Predecessor:} 15. Na3 cxb3 16. axb3 Nd7 17. Nc4 Qc7 18. Re3 b5 19. Na5 Bd5 20. c4 Bc5 21. cxd5 Bxe3 22. Qxe3 Qxc2 23. dxe6 Nf8 24. Qf3 O-O-O 25. Qb7# {1-0 (25) Potapov,P (2493)-Morozevich,A (2683) Sochi 2016}) 15... Qc7 16. Bxf8 (16. Be4 {feels hotter.} Bd6 17. Bxc6+ Qxc6 18. Rxe6+ fxe6 19. Qxe6+ Kd8 20. Qxd6+ Qxd6 21. Bxd6 Kd7 22. Bc5) 16... Kxf8 17. Na3 $36 {[%emt 0:00:00][%cal Bb1a3,Ba3b5,Bb5d4,Bd4f5,Bf5e3][%mdl 2080] White is pushing.} Bd5 (17... Nd7 $11 18. Re3 cxb3 19. axb3 g6) 18. Nb5 $16 Qd7 19. Nd4 Qd6 (19... f6 $142 20. Nxe6+ Kf7 21. Rxd5 (21. Nc5 Qd6 $11) 21... Nxd5) 20. Qe2 ({Better is} 20. d3 $16) 20... f6 (20... g6 $14) 21. Re3 {[%emt 0:09:40][%cal Rd4e6] White is more active.} (21. Nxe6+ {is more complex.} Kf7 22. Rxd5 Nxd5 23. Nd4) 21... e5 22. Nf5 Qd7 23. Rg3 g6 24. Ne3 Rc8 25. h4 Be6 (25... Bf7 $16) 26. h5 $18 g5 27. Qf3 Qf7 28. Bf5 Bxf5 29. Qxf5 ({Don't do} 29. Nxf5 $6 Qd5 $14) 29... Rd8 $2 (29... Rc6 {might work better.} 30. bxc4 h6) 30. bxc4 Rxd2 $2 (30... Nc8 31. Rf3 Nd6 32. Qxf6 Qxf6) 31. Rb1 h6 32. c5 Nd5 33. Qc8+ Qe8 34. Qxe8+ Kxe8 35. Nc4 Rc2 36. Rxb7 {[%emt 0:00:08] [#] aiming for Rd3.} Nxc3 37. Rb8+ Ke7 38. Rxh8 Ne2+ 39. Kh2 Rxc4 {[%emt 0:01:27][%mdl 4096] Endgame KRR-KRN} 40. Ra3 Rh4+ 41. Rh3 Rf4 42. Rxh6 g4 43. Ra3 {[%emt 0:01:13] Ra6 would kill now.} Rxf2 44. Rxa7+ Ke6 45. Rg6 Kf5 46. Rf7 g3+ 47. Rxg3 ({Inferior is} 47. Kh3 Nf4+ 48. Kxg3 Rxg2+ 49. Kf3 e4+ 50. Ke3 Nxg6 51. hxg6 Kxg6 $11) 47... Nxg3 {[%emt 0:00:00] KRN-KR} 48. h6 Rxa2 49. h7 Nf1+ 50. Kg1 Ra8 51. Kxf1 {[%emt 0:00:00] Threatening mate with Rg7.} Kg6 52. Rd7 {[%emt 0:00:00] White mates.} Ra1+ 53. Kf2 Rh1 54. c6 {[%emt 0:00:00] Weighted Error Value: White=0.26 (precise) /Black=0.42} 1-0

[Event "GER-ch Youth-U18 2022"]
[Site "Willingen"]
[Date "2022.06.08"]
[Round "5.5"]
[White "Dobrikov, Marco"]
[Black "Jeschke, Jan"]
[Result "1-0"]
[ECO "B90"]
[WhiteElo "2234"]
[BlackElo "2130"]
[Annotator "TA"]
[PlyCount "57"]
[EventDate "2022.06.05"]
[EventType "swiss"]
[EventRounds "9"]
[EventCountry "GER"]
[SourceTitle "playchess.com"]
[Source "ChessBase"]
[SourceQuality "1"]
[TimeControl "40/4500+30:900+30"]

1. e4 c5 2. Nf3 d6 3. d4 cxd4 4. Nxd4 Nf6 5. Nc3 a6 6. h3 e6 7. g4 Nfd7 {[%emt 0:00:00] B81: Sicilian Scheveningen: Keres Attack.} 8. Be3 b5 9. a3 Bb7 {[%emt 0:00:00] The position is equal.} 10. g5 Nb6 {[%emt 0:00:00] The main line 10...Nb6 scores better than 10...Be7.} 11. h4 N8d7 {[%emt 0:00:00] [#]} 12. Bd3 $146 ({White has to play} 12. Rh3 $1 $11) ({Predecessor:} 12. Qd2 Rc8 13. O-O-O d5 14. exd5 b4 15. axb4 Bxd5 16. Nxd5 Nxd5 17. Bxa6 Bxb4 18. Qe2 {½-½ (32) Navara,D (2737)-Kasparov,G (2812) Saint Louis 2017}) 12... Rc8 $15 13. Qe2 Ne5 14. f4 Nec4 15. Bc1 g6 16. b3 (16. Qf2 $11) 16... Bg7 $17 17. Qf2 {[%emt 0:00:03] [#]} e5 $1 18. fxe5 Nxe5 19. Bb2 d5 (19... Nxd3+ $17 20. cxd3 O-O) 20. O-O-O $11 O-O $36 {[%emt 0:00:12][%mdl 2048] Black is pushing.} 21. Rhe1 Nxd3+ (21... Qd6 $15) 22. Rxd3 $14 Re8 (22... dxe4 $14 23. Nxe4 Nd7) 23. Rf1 (23. Red1 $16) 23... Qd7 $11 24. Nde2 {[%emt 0:00:43] Pair of Knights!} ({White should try} 24. Nf3 $14 d4 25. Nxd4 Bxe4 26. Nxe4 Rxe4 {[#]} 27. Nxb5 $1 Bxb2+ 28. Kxb2 Qxb5 29. Rd8+ (29. Qxf7+ Kh8 $11) 29... Rxd8 30. Qxf7+ Kh8 31. Qf6+ Kg8 32. Qf7+ Kh8 33. Qf6+ Kg8 34. Qf7+) 24... Qc7 25. Rf3 {[%emt 0:04:27] Active counter play!} (25. exd5 $11 {remains equal.} Nxd5 26. Nd4) 25... Re7 $17 26. Rf6 (26. e5 $17) 26... Bc6 $2 (26... Bxf6 $19 27. Qxf6 Re6) 27. Nd4 $16 Be8 (27... Ba8 $16 {was necessary.}) 28. exd5 {[%emt 0:01:37] Threatens to win with d6.} Rd7 {[%emt 0:00:42][%mdl 8192] [#] Against d6} (28... Qc5 $16) 29. Ne6 $1 {[%emt 0:01:06][%mdl 512] Weighted Error Value: White=0.35/Black=0.41} 1-0

[Event "GER-ch Youth-U18 2022"]
[Site "Willingen"]
[Date "2022.06.08"]
[Round "5.6"]
[White "Colbow, Collin"]
[Black "Kallweit, Paul"]
[Result "1/2-1/2"]
[ECO "A06"]
[WhiteElo "2360"]
[BlackElo "1863"]
[Annotator "TA"]
[PlyCount "83"]
[EventDate "2022.06.05"]
[EventType "swiss"]
[EventRounds "9"]
[EventCountry "GER"]
[SourceTitle "playchess.com"]
[Source "ChessBase"]
[SourceQuality "1"]
[TimeControl "40/4500+30:900+30"]

1. Nf3 d5 2. g3 Nf6 3. Bg2 c5 4. O-O Nc6 5. c4 d4 6. d3 e5 7. e3 dxe3 {[%emt 0:25:20] A09: Réti Opening: 1 Nf3 d5 2 c4.} 8. fxe3 Be7 9. Nc3 O-O {[%emt 0:01:59] The position is equal.} 10. a3 {[%emt 0:01:37] [#]} Bf5 $146 {[%emt 0:11:06] [#]} (10... h6 $11) ({Predecessor:} 10... e4 11. dxe4 Qxd1 12. Rxd1 Bg4 13. Bd2 Rfe8 14. h3 Bh5 15. g4 Bg6 16. e5 Ne4 {½-½ (114) Lazic,M (2459)-Dimitrov,P (2353) Rijeka 2011}) 11. Nxe5 $1 $14 Nxe5 12. Rxf5 Nxd3 13. Bxb7 Rb8 14. Bd5 Nxc1 15. Qxc1 g6 16. Rf1 Ng4 17. Ne4 Nf6 18. Nc3 Ng4 19. Rf4 ({White should try} 19. Bf3 $14 Ne5 20. Nd5) 19... Ne5 $11 20. Qc2 {[%emt 0:02:34] Prevents Nd3.} Bg5 21. Re4 Qe7 22. h4 (22. Na4 $11) 22... Bh6 $1 $15 {[%emt 0:00:41][%mdl 1024] Black has compensation.} 23. Kg2 Kh8 ({Much less strong is} 23... Qf6 24. Rf1 Qe7 25. Na4 $14) 24. Re1 $1 f5 ({But not} 24... Qf6 25. Na4 $11 (25. Rf1 Qg7 $17)) 25. Rf4 Qc7 26. Rf2 Ng4 27. Rfe2 Rbe8 28. Bf3 Rxe3 29. Nd5 $1 Qe5 30. Nxe3 Nxe3+ {[%emt 0:00:13] [#]} 31. Rxe3 $1 Bxe3 32. Qd3 Re8 $1 (32... Qxb2+ $2 33. Re2 Qd4 34. Qxe3 $18) 33. Bc6 (33. b4 $5 Qb2+ 34. Kh3 $11) 33... Re7 (33... Qxb2+ $2 34. Kh3 $18) 34. Re2 Qd4 35. Qb3 Kg7 36. Bd5 Qe5 37. Kf3 f4 {[%emt 0:00:05] White must now prevent ...Qh5+.} 38. Qc3 Qxc3 39. bxc3 Kf6 40. gxf4 Bc1 41. Be4 Rd7 42. Bd5 {[%emt 0:00:00] Weighted Error Value: White=0.12 (very precise) /Black=0.09 (flawless)} 1/2-1/2

[Event "GER-ch Youth-U18 2022"]
[Site "Willingen"]
[Date "2022.06.08"]
[Round "5.7"]
[White "Muller, Magnus"]
[Black "Hinrichs, Paul"]
[Result "1/2-1/2"]
[ECO "C54"]
[WhiteElo "1464"]
[BlackElo "2244"]
[Annotator "TA"]
[PlyCount "100"]
[EventDate "2022.06.05"]
[EventType "swiss"]
[EventRounds "9"]
[EventCountry "GER"]
[SourceTitle "playchess.com"]
[Source "ChessBase"]
[SourceQuality "1"]
[TimeControl "40/4500+30:900+30"]

1. e4 e5 2. Nf3 Nc6 3. Bc4 Bc5 4. c3 Nf6 5. d4 exd4 6. e5 d5 7. Bb5 Ne4 8. cxd4 Bb4+ 9. Bd2 Nxd2 10. Nbxd2 O-O $1 {[%emt 0:00:00] 10...0-0 is better than 10...Bd7.} 11. O-O Ne7 {[%emt 0:00:00] C54: Giuoco Piano: 4 c3 Nf6, main lines with 5 d4 and 5 d3.} 12. a3 Ba5 13. b4 Bb6 14. Bd3 {[%emt 0:00:00] [#]} Nf5 $146 (14... a5 $11) ({Predecessor:} 14... Bf5 15. Nb3 Bxd3 16. Qxd3 Ng6 17. Nc5 Qc8 18. Qe3 c6 19. Rac1 a6 20. Nd2 Ba7 {1-0 (53) Tiger Norqvist,A (2144)-Sorensen,H (2244) Norrkoeping 2018}) 15. Nb3 $14 a5 16. Re1 ({Better is} 16. Nxa5 $14 Bxa5 17. bxa5) 16... Nh4 17. Nxh4 Qxh4 18. g3 Qg4 19. Be2 Qg6 20. Nc5 Ra7 21. Bf3 c6 22. Qd2 (22. Na4 $14 {should be considered.} Bd8 23. b5) 22... f6 {[%emt 0:03:03] aiming for ...fxe5.} 23. Bg2 fxe5 24. dxe5 Bf5 (24... Qe8 $11) 25. Na4 {[%emt 0:03:38] 0x0.001aa10e3f3fdp-1022s more active pieces.} Bd8 26. Qd4 Ra8 27. b5 Kh8 28. bxc6 bxc6 29. Rac1 $40 {[%emt 0:00:13][%mdl 128] White attacks.} Rb8 30. Rc3 h5 31. Rec1 h4 (31... Rb1 $11 {keeps the balance.}) 32. Rxc6 $16 Qxc6 33. Rxc6 $18 Rb1+ 34. Bf1 Bh3 {[%emt 0:00:17][%csl Gh3][%cal Rb1f1] [#]} 35. Qd3 Rxf1+ 36. Qxf1 Bxf1 37. Kxf1 {[%emt 0:00:07][%mdl 4096] Endgame KRB-KRN} Be7 38. Nc5 hxg3 39. hxg3 Rf5 (39... Rb8 {might work better.}) 40. f4 {[%emt 0:04:49] Black must now prevent Rc7.} Bxc5 $2 (40... g5 41. Ne6 gxf4) 41. Rxc5 {[%emt 0:15:07] KR-KR} g5 42. Rxd5 {[%emt 0:00:00][%cal Oe5e6] Strongly threatening e6!} gxf4 43. Rxa5 (43. Kf2 $142 fxg3+ 44. Kxg3) 43... fxg3+ 44. Kg2 Rg5 45. Rc5 Rg4 {[%emt 0:00:00] [#]} 46. Ra5 $2 (46. Rc8+ $1 $18 Kg7 47. Ra8) 46... Kg7 $2 (46... Rg5 $1 $11) 47. Ra6 $2 (47. Ra8 $18) 47... Re4 $1 $11 {[%emt 0:00:00] The position is equal.} 48. e6 {[%emt 0:00:00] Threatens to win with a4.} Kf6 49. Kxg3 Rxe6 50. Rxe6+ Kxe6 {[%emt 0:00:00] Weighted Error Value: White=0.43/Black=0.35} 1/2-1/2